[Event "WALTON BAN-chT 2019"]
[Site "Bangladesh"]
[Date "2019.12.16"]
[Round "10.4"]
[White "Subrota, Biswas"]
[Black "Mohammad Fahad, Rahman"]
[Result "1-0"]
[ECO "E12"]
[WhiteElo "2134"]
[BlackElo "2294"]
[Annotator "ChessBase"]
[PlyCount "85"]
[EventDate "2019.12.07"]
[EventType "team-tourn"]
[EventCountry "BAN"]
[SourceTitle "playchess.com"]
[Source "ChessBase"]
[SourceQuality "1"]
[TimeControl "5400+30"]

1. d4 Nf6 2. Nf3 e6 3. c4 b6 4. a3 Bb7 5. Nc3 d5 6. cxd5 Nxd5 7. Qc2 Nxc3 8. bxc3 Nd7 9. e4 c5 10. Bd3 Qc7 11. Qd2 Be7 12. O-O O-O 13. Qe2 Rfe8 14. Ra2 a6 15. a4 c4 16. Bc2 b5 17. Ba3 Bxa3 18. Rxa3 Bc6 19. Rfa1 Reb8 20. Qd2 Nf6 21. Qe3 b4 22. cxb4 Rxb4 23. Rc3 h6 24. Ne5 Rd8 25. a5 Bb5 26. Nd3 Qe7 27. Nxb4 Qxb4 28. f3 Nd7 29. d5 exd5 30. Rd1 Nf6 31. e5 Re8 32. Qd4 Nd7 33. f4 Qxa5 34. Bf5 Nb8 35. Rg3 Nc6 36. Qc5 d4 37. Bd7 Qa4 38. Rc1 Rd8 39. e6 fxe6 40. Bxc6 Kh8 41. Qe5 Rg8 42. Rg6 Kh7 43. Be4 1-0

[Event "WALTON BAN-chT 2019"]
[Site "Bangladesh"]
[Date "2019.12.17"]
[Round "11.2"]
[White "Murshed, Niaz"]
[Black "Rahman, Syed Mahfuzur"]
[Result "1/2-1/2"]
[ECO "D45"]
[WhiteElo "2413"]
[BlackElo "2159"]
[Annotator "ChessBase"]
[PlyCount "34"]
[EventDate "2019.12.07"]
[EventType "team-tourn"]
[EventCountry "BAN"]
[SourceTitle "playchess.com"]
[Source "ChessBase"]
[SourceQuality "1"]
[TimeControl "5400+30"]

1. d4 d5 2. c4 c6 3. Nc3 Nf6 4. e3 e6 5. Nf3 Nbd7 6. Qc2 Bd6 7. Be2 O-O 8. b3 Qe7 9. O-O dxc4 10. bxc4 e5 11. h3 Re8 12. c5 Bc7 13. Bc4 Nf8 14. Ng5 Ne6 15. Nf3 Nf8 16. Ng5 Ne6 17. Nf3 Nf8 1/2-1/2

[Event "WALTON BAN-chT 2019"]
[Site "Bangladesh"]
[Date "2019.12.17"]
[Round "11.3"]
[White "Samrat, Ghorai"]
[Black "Mchedlishvili, Mikheil"]
[Result "0-1"]
[ECO "B11"]
[WhiteElo "1861"]
[BlackElo "2567"]
[Annotator "ChessBase"]
[PlyCount "72"]
[EventDate "2019.12.07"]
[EventType "team-tourn"]
[EventCountry "BAN"]
[SourceTitle "playchess.com"]
[Source "ChessBase"]
[SourceQuality "1"]
[TimeControl "5400+30"]

1. e4 c6 2. Nc3 d5 3. Nf3 a6 4. d4 Bg4 5. Be2 e6 6. h3 Bh5 7. a3 Nf6 8. Ng5 Bg6 9. e5 Nfd7 10. Bd3 Be7 11. h4 c5 12. f4 cxd4 13. Ne2 Qa5+ 14. Bd2 Qb6 15. b4 Nc6 16. Rb1 Rc8 17. Ng3 Bxg5 18. hxg5 Ne7 19. Nh5 Kf8 20. g4 Kg8 21. Qe2 Be4 22. Rh3 h6 23. Ng3 Bxd3 24. cxd3 hxg5 25. Rxh8+ Kxh8 26. f5 exf5 27. gxf5 Qh6 28. e6 fxe6 29. fxe6 Nf8 30. Kf1 Qh3+ 31. Kf2 Qh2+ 32. Kf3 Qxe2+ 33. Nxe2 Nxe6 34. Rc1 Rf8+ 35. Kg2 Nf5 36. Rh1+ Kg8 0-1

[Event "WALTON BAN-chT 2019"]
[Site "Bangladesh"]
[Date "2019.12.17"]
[Round "11.4"]
[White "Mohammad Fahad, Rahman"]
[Black "Ambarish, Sharma"]
[Result "1-0"]
[ECO "C01"]
[WhiteElo "2294"]
[BlackElo "1880"]
[Annotator "ChessBase"]
[PlyCount "101"]
[EventDate "2019.12.07"]
[EventType "team-tourn"]
[EventCountry "BAN"]
[SourceTitle "playchess.com"]
[Source "ChessBase"]
[SourceQuality "1"]
[TimeControl "5400+30"]

1. e4 e6 2. d4 d5 3. Bd3 dxe4 4. Bxe4 Nf6 5. Bf3 c5 6. Ne2 Nc6 7. Be3 e5 8. d5 Nd4 9. Nxd4 cxd4 10. Bg5 Bf5 11. O-O h6 12. Re1 hxg5 13. Rxe5+ Be6 14. dxe6 Bd6 15. Qxd4 Bxe5 16. Qxe5 Qe7 17. Qb5+ Kf8 18. Qxg5 Qxe6 19. Nc3 Re8 20. h3 Qe5 21. Qxe5 Rxe5 22. Bxb7 Ke7 23. Bf3 Rb8 24. Na4 Nd5 25. b3 Nb4 26. c3 Nc2 27. Rc1 Ne1 28. Bg4 f5 29. Bxf5 Nxg2 30. Bg4 Nf4 31. Rc2 Rh8 32. Kh2 Rg5 33. Kg3 Nxh3 34. f3 Rh6 35. Rh2 Ng1 36. Rg2 Nh3 37. c4 Rgg6 38. f4 Rd6 39. Nc5 g5 40. Bxh3 gxf4+ 41. Kh2 Rh5 42. Ne4 Rd3 43. Nf2 Rd2 44. Ng4 Rd3 45. Re2+ Kd6 46. Nf2 Re3 47. Rd2+ Kc5 48. Nd3+ Kd4 49. Nxf4+ Kc3 50. Rg2 Rh4 51. Nd5+ 1-0

[Event "WALTON BAN-chT 2019"]
[Site "Bangladesh"]
[Date "2019.12.17"]
[Round "11.5"]
[White "Mohammad Manik"]
[Black "Reefat, Bin-Sattar"]
[Result "0-1"]
[ECO "A34"]
[WhiteElo "1853"]
[BlackElo "2417"]
[Annotator "ChessBase"]
[PlyCount "110"]
[EventDate "2019.12.07"]
[EventType "team-tourn"]
[EventCountry "BAN"]
[SourceTitle "playchess.com"]
[Source "ChessBase"]
[SourceQuality "1"]
[TimeControl "5400+30"]

1. e4 e6 2. c4 b6 3. Nc3 Bb7 4. Nf3 c5 5. d4 cxd4 6. Nxd4 d6 7. Be2 Nf6 8. Bf3 Nbd7 9. h3 a6 10. O-O Be7 11. b3 Qc7 12. Bb2 h5 13. Bc1 b5 14. Be3 Ne5 15. Rc1 b4 16. Nce2 Nxf3+ 17. gxf3 Rb8 18. Qd2 Ba8 19. Rfd1 h4 20. Kf1 Nd7 21. Ng1 Nc5 22. Ke2 Qb7 23. Re1 g6 24. Kf1 e5 25. Nde2 Ne6 26. Rcd1 O-O 27. Qd5 Qc8 28. Qd3 f5 29. Qc2 Kg7 30. Qb2 fxe4 31. f4 Qc7 32. c5 Kh7 33. cxd6 Bxd6 34. Rc1 Qg7 35. Red1 exf4 36. Qxg7+ Nxg7 37. Ba7 Rbd8 38. Bb6 Rd7 39. Bc5 Nf5 40. Bxd6 Nxd6 41. Nd4 f3 42. Ne6 Rf5 43. Rc7 Rxc7 44. Nxc7 Bb7 45. Ke1 Nf7 46. Rd7 Kh6 47. Ne6 Bc8 48. Re7 Nd6 49. Nd8 Rg5 50. Nxf3 exf3 51. Re3 Rf5 52. Nc6 Rf4 53. Ne5 Nf5 54. Nd3 Nxe3 55. Nxf4 Ng2+ 0-1

[Event "WALTON BAN-chT 2019"]
[Site "Bangladesh"]
[Date "2019.12.17"]
[Round "11.9"]
[White "Alam, Monjur"]
[Black "Kulkarni, Rakesh"]
[Result "0-1"]
[ECO "A52"]
[WhiteElo "1899"]
[BlackElo "2334"]
[Annotator "ChessBase"]
[PlyCount "52"]
[EventDate "2019.12.07"]
[EventType "team-tourn"]
[EventCountry "BAN"]
[SourceTitle "playchess.com"]
[Source "ChessBase"]
[SourceQuality "1"]
[TimeControl "5400+30"]

1. d4 Nf6 2. c4 e5 3. dxe5 Ng4 4. Nf3 Bc5 5. e3 Nc6 6. Be2 O-O 7. Bd2 Re8 8. O-O a5 9. h3 Ngxe5 10. Bc3 Nxf3+ 11. Bxf3 Ne5 12. Be2 Ra6 13. Nd2 Rg6 14. Ne4 Qh4 15. Ng3 d6 16. Bd4 Bxh3 17. gxh3 Qxh3 18. Bh5 Rg4 19. Bxe5 Rh4 20. Bxf7+ Kxf7 21. Qd5+ Kf8 22. Bxg7+ Kxg7 23. Nf5+ Kh8 24. Nxh4 Qxh4 25. Rfe1 Qh3 26. f4 Rxe3 0-1

[Event "WALTON BAN-chT 2019"]
[Site "Bangladesh"]
[Date "2019.12.17"]
[Round "11.10"]
[White "Pranav, Shetty"]
[Black "Zia, Tahsin Tajwar"]
[Result "1-0"]
[ECO "B10"]
[WhiteElo "2162"]
[BlackElo "2148"]
[Annotator "ChessBase"]
[PlyCount "129"]
[EventDate "2019.12.07"]
[EventType "team-tourn"]
[EventCountry "BAN"]
[SourceTitle "playchess.com"]
[Source "ChessBase"]
[SourceQuality "1"]
[TimeControl "5400+30"]

1. e4 c6 2. c4 d5 3. exd5 cxd5 4. cxd5 Nf6 5. Nc3 Nxd5 6. Nf3 Nc6 7. Bb5 a6 8. Bxc6+ bxc6 9. Ne5 Nxc3 10. dxc3 Qxd1+ 11. Kxd1 Bb7 12. Be3 f6 13. Nc4 e5 14. f3 Be7 15. b4 Rd8+ 16. Ke2 Kf7 17. Rhd1 Ke6 18. Na5 Ba8 19. Nb3 Rd5 20. Bc5 Rhd8 21. Bxe7 Kxe7 22. Nc5 a5 23. a3 g6 24. c4 Rxd1 25. Rxd1 Rxd1 26. Kxd1 f5 27. g4 axb4 28. axb4 fxg4 29. fxg4 Kf6 30. Ne4+ Ke7 31. Nc5 Kf6 32. Ne4+ Ke7 33. Ke2 Bb7 34. g5 Bc8 35. Nc5 Kd6 36. Ne4+ Ke7 37. Nc5 Kd6 38. Ke3 Bf5 39. h4 Kc7 40. Ne4 Kb6 41. Nc5 Bh3 42. Nd3 Be6 43. Nxe5 c5 44. b5 Kc7 45. Kd3 Kd6 46. Nf3 Bf5+ 47. Ke3 Be6 48. Kd3 Bf5+ 49. Kc3 Be4 50. Nd2 Bb7 51. Kd3 Ke5 52. Ke3 Ba8 53. Nb3 Kd6 54. Kf4 Bg2 55. Nd2 Kc7 56. Ne4 Bf1 57. Nd2 Bg2 58. Ke5 Kb6 59. Kf6 Ka5 60. Kg7 Kb4 61. Kxh7 Kc3 62. Kxg6 Kxd2 63. h5 Bf1 64. b6 Bd3+ 65. Kf6 1-0

[Event "WALTON BAN-chT 2019"]
[Site "Bangladesh"]
[Date "2019.12.17"]
[Round "11.11"]
[White "Yasin, Arafat"]
[Black "Anata, Choudhury"]
[Result "0-1"]
[ECO "A47"]
[WhiteElo "1879"]
[BlackElo "2137"]
[Annotator "ChessBase"]
[PlyCount "166"]
[EventDate "2019.12.07"]
[EventType "team-tourn"]
[EventCountry "BAN"]
[SourceTitle "playchess.com"]
[Source "ChessBase"]
[SourceQuality "1"]
[TimeControl "5400+30"]

1. d4 Nf6 2. Nf3 g6 3. e3 Bg7 4. Bd3 c5 5. c3 b6 6. O-O O-O 7. Nbd2 Bb7 8. Qe2 d5 9. dxc5 bxc5 10. e4 dxe4 11. Nxe4 Nbd7 12. Bg5 Qc7 13. Rfe1 Nb6 14. Rad1 Rad8 15. Bc2 Rd5 16. Rxd5 Bxd5 17. Bxf6 exf6 18. Qb5 Rc8 19. Bb3 c4 20. Bc2 f5 21. Ng3 Bc6 22. Qa5 Qb7 23. Nh4 Nd5 24. Rb1 Bf6 25. Nhxf5 gxf5 26. Nxf5 Qb6 27. Qa3 Bd7 28. Re1 Be6 29. Nd6 Rc5 30. Ne4 Be7 31. Qa4 Rc8 32. b4 Bf6 33. Nxf6+ Nxf6 34. Qa3 Ng4 35. Re2 Qd6 36. g3 Bd5 37. Qc1 Qh6 38. Qxh6 Nxh6 39. f4 Ng4 40. Bf5 Be6 41. Rxe6 Rd8 42. Re2 Rd1+ 43. Kg2 Nf6 44. Be4 Ra1 45. Kf3 h5 46. Ke3 Rd1 47. h3 Rg1 48. Kd4 Rxg3 49. Re3 Nxe4 50. Kxe4 Rg2 51. Kd4 Rxa2 52. Rf3 Kg7 53. Kxc4 Kf6 54. Kc5 Kf5 55. c4 Ke4 56. Rc3 f5 57. b5 Kxf4 58. Kc6 Ke4 59. c5 f4 60. Kc7 f3 61. c6 f2 62. Rc1 Rb2 63. Kb7 Rxb5+ 64. Kxa7 Re5 65. c7 Re8 66. Kb7 h4 67. Rd1 Kf3 68. Rd8 f1=Q 69. c8=Q Qb5+ 70. Ka7 Qa5+ 71. Kb7 Rxd8 72. Qg4+ Ke3 73. Qg1+ Kd2 74. Qf2+ Kc1 75. Qg1+ Kb2 76. Qg2+ Rd2 77. Qc6 Qb4+ 78. Ka7 Qa3+ 79. Kb7 Ka1 80. Qh1+ Ka2 81. Qe4 Qb3+ 82. Ka7 Rd7+ 83. Ka6 Qd3+ 0-1

[Event "WALTON BAN-chT 2019"]
[Site "Bangladesh"]
[Date "2019.12.17"]
[Round "11.12"]
[White "Khusenkhojaev, Muhammad"]
[Black "Shawket Bin, Osman Shaon"]
[Result "1-0"]
[ECO "E17"]
[WhiteElo "2427"]
[BlackElo "2006"]
[Annotator "ChessBase"]
[PlyCount "135"]
[EventDate "2019.12.07"]
[EventType "team-tourn"]
[EventCountry "BAN"]
[SourceTitle "playchess.com"]
[Source "ChessBase"]
[SourceQuality "1"]
[TimeControl "5400+30"]

1. Nf3 Nf6 2. c4 e6 3. g3 b6 4. Bg2 Bb7 5. O-O Be7 6. Nc3 O-O 7. Re1 d5 8. cxd5 exd5 9. d4 c5 10. Bf4 Nc6 11. dxc5 bxc5 12. Ne5 Bd6 13. Nxc6 Bxc6 14. Bg5 Be5 15. Rc1 Rc8 16. b3 d4 17. Ne4 Bxe4 18. Bxe4 h6 19. Bxf6 Bxf6 20. Rc4 Re8 21. Qc2 Qe7 22. Bf5 Rc7 23. b4 g6 24. Bd3 Rec8 25. Rc1 Bg5 26. f4 Qe3+ 27. Kg2 Be7 28. Rf1 f5 29. bxc5 Bxc5 30. Rb1 Qe7 31. Rb5 Qd6 32. Qb1 Kg7 33. h4 h5 34. Kf2 Qe7 35. a4 Bd6 36. Rxc7 Rxc7 37. Kg2 Qe3 38. Rb7 Qe7 39. Rxc7 Qxc7 40. Qb5 Bc5 41. Qe8 Qe7 42. Qc8 Qf8 43. Qb7+ Qe7 44. Qa8 Qf8 45. Qf3 Qe7 46. a5 Qc7 47. a6 Bb6 48. Qd5 Qd8 49. Qe6 Qf6 50. Qd7+ Qf7 51. Qb5 Qe7 52. Qd5 Qf7 53. Qb7 Qxb7+ 54. axb7 Bc7 55. Ba6 Kf6 56. Kf2 Ke6 57. Bb5 a5 58. Be8 Kf6 59. Ke1 Bb8 60. Kd2 Kg7 61. Kd3 Ba7 62. Kc4 g5 63. hxg5 h4 64. gxh4 Bb8 65. Kxd4 Bxf4 66. h5 Bc7 67. h6+ Kf8 68. g6 1-0

[Event "WALTON BAN-chT 2019"]
[Site "Bangladesh"]
[Date "2019.12.17"]
[Round "11.12"]
[White "Yasin, Arafat"]
[Black "Anata, Choudhury"]
[Result "*"]
[ECO "E17"]
[WhiteElo "1879"]
[BlackElo "2137"]
[Annotator "ChessBase"]
[PlyCount "126"]
[EventDate "2019.12.07"]
[EventType "team-tourn"]
[EventCountry "BAN"]
[SourceTitle "playchess.com"]
[Source "ChessBase"]
[SourceQuality "1"]
[TimeControl "5400+30"]

1. Nf3 Nf6 2. c4 e6 3. g3 b6 4. Bg2 Bb7 5. O-O Be7 6. Nc3 O-O 7. Re1 d5 8. cxd5 exd5 9. d4 c5 10. Bf4 Nc6 11. dxc5 bxc5 12. Ne5 Bd6 13. Nxc6 Bxc6 14. Bg5 Be5 15. Rc1 Rc8 16. b3 d4 17. Ne4 Bxe4 18. Bxe4 h6 19. Bxf6 Bxf6 20. Rc4 Re8 21. Qc2 Qe7 22. Bf5 Rc7 23. b4 g6 24. Bd3 Rec8 25. Rc1 Bg5 26. f4 Qe3+ 27. Kg2 Be7 28. Rf1 f5 29. bxc5 Bxc5 30. Rb1 Qe7 31. Rb5 Qd6 32. Qb1 Kg7 33. h4 h5 34. Kf2 Qe7 35. a4 Bd6 36. Rxc7 Rxc7 37. Kg2 Qe3 38. Rb7 Qe7 39. Rxc7 Qxc7 40. Qb5 Bc5 41. Qe8 Qe7 42. Qc8 Qf8 43. Qb7+ Qe7 44. Qa8 Qf8 45. Qf3 Qe7 46. a5 Qc7 47. a6 Bb6 48. Qd5 Qd8 49. Qe6 Qf6 50. Qd7+ Qf7 51. Qb5 Qe7 52. Qd5 Qf7 53. Qb7 Qxb7+ 54. axb7 Bc7 55. Ba6 Kf6 56. Kf2 Ke6 57. Bb5 a5 58. Be8 Kf6 59. Ke1 Bb8 60. Kd2 Kg7 61. Kd3 Ba7 62. Kc4 g5 63. hxg5 h4 *